 Dungeon Crawl Stone Soup version 0.29-a0-384-g6960b1960d (webtiles) character file.

Game seed: 5962563724459976535

65 avis the Skirmisher (level 4, 0/48 HPs)
             Began as an Ogre Warper on May 7, 2022.
             Slain by a black bear (5 damage)
             ... on level 3 of the Dungeon.
             The game lasted 00:10:54 (2852 turns).

avis the Skirmisher (Ogre Warper)                   Turns: 2852, Time: 00:10:56

Health: 0/48       AC:  3    Str: 15    XL:     4   Next: 13%
Magic:  7/7        EV:  9    Int: 22    God:
Gold:   187        SH:  0    Dex:  8    Spells: 2/7 levels left

rFire   . . .      SeeInvis .   a - +0 mace
rCold   . . .      Faith    .   (no shield)
rNeg    . . .      Spirit   .   r - +0 robe
rPois   +          Reflect  .   (helmet restricted)
rElec   .          Harm     .   (no cloak)
rCorr   .          Rampage  .   (gloves unavailable)
Will    .....                   (boots unavailable)
Stlth   +.........              (no amulet)
HPRegen 0.16/turn               s - ring of poison resistance
MPRegen 0.10/turn               n - +6 ring of intelligence

@: no status effects
A: large, unfitting armour, tough skin 1
a: no special abilities


You were on level 3 of the Dungeon.
You visited 1 branch of the dungeon, and saw 3 of its levels.

You collected 187 gold pieces.

Inventory:

Hand Weapons
 a - a +0 mace (weapon)
 b - a +0 hunting sling
 q - a +2 dagger of holy wrath
Missiles
 i - 7 boomerangs
 l - 27 stones
Armour
 r - a +0 robe (worn)
Jewellery
 h - a ring of protection from cold
 n - a +6 ring of intelligence (right hand)
 s - a ring of poison resistance (left hand)
Wands
 p - a wand of paralysis (8) (quivered)
Scrolls
 c - a scroll of blinking
 e - 3 scrolls of identify {unknown}
 f - a scroll of immolation {unknown}
 m - 2 scrolls of teleportation {unknown}
 o - a scroll of fear {unknown}
Potions
 g - a potion of might {unknown}
 j - a potion of lignification {unknown}
 k - a potion of resistance {unknown}


   Skills:
 + Level 3.8 Fighting
 * Level 3.3 Maces & Flails
 - Level 1.0 Throwing
 + Level 2.2 Dodging
 - Level 2.4 Spellcasting
 - Level 2.6 Translocations


You had 2 spell levels left.
You knew the following spells:

 Your Spells              Type           Power      Damage    Failure   Level
b - Blink                 Tloc           28%        N/A       7%          2
t - Teleport Other        Tloc           14%        N/A       13%         3

Your spell library contained the following spells:

 Spells                   Type           Power      Damage    Failure   Level
 Gell's Gravitas          Tloc           14%        N/A       13%         3
 Lesser Beckoning         Tloc           14%        N/A       13%         3
 Manifold Assault         Tloc           14%        N/A       77%         5


Dungeon Overview and Level Annotations

Branches:
Dungeon (3/15)

Altars:
Hepliaklqana


Innate Abilities, Weirdness & Mutations

You are too large for most types of armour.
You have tough skin. (AC +1)


Message History

The black bear barely misses you. The black bear closely misses you.
The black bear claws you but does no damage.
The black bear bites you! The black bear closely misses you.
The black bear claws you.
* * * LOW HITPOINT WARNING * * *
Throw: 2 boomerangs (disperse)
Press: ? - help, Q - select action, (/) - cycle Shift-Dir - straight line, f/p - black bear
Aim: a black bear (almost dead, berserk, 62% to hit)
You throw a boomerang of dispersal.
The boomerang of dispersal hits the black bear.
The black bear blinks!
You hear an angry growl.
Throw: boomerang (disperse)
Press: ? - help, Q - select action, (/) - cycle Shift-Dir - straight line, f/p - black bear
Aim: a black bear (almost dead, berserk, 62% to hit)
You throw a boomerang of dispersal.
The boomerang of dispersal hits the black bear.
The black bear blinks!
The black bear is almost dead.
Aiming: Paralyse
Press: ? - help, Q - select action, (/) - cycle Shift-Dir - straight line, f/p - black bear
Aim: a black bear (almost dead, berserk, chance to affect: 49%)
The black bear resists with some effort.
Aiming: Paralyse
Press: ? - help, Q - select action, (/) - cycle Shift-Dir - straight line, f/p - black bear
Aim: a black bear (almost dead, berserk, chance to affect: 49%)
The black bear resists with some effort.
The black bear rages.
Aiming: Paralyse
Press: ? - help, Q - select action, (/) - cycle Shift-Dir - straight line, f/p - black bear
Aim: a black bear (almost dead, berserk, chance to affect: 49%)
The black bear resists with some effort.
Aiming: Paralyse
Press: ? - help, Shift-Dir - straight line, f/p - black bear
Aim: a black bear (almost dead, berserk, chance to affect: 49%)
The black bear resists with some effort.
The black bear bites you!
* * * LOW HITPOINT WARNING * * *
The black bear claws you.
You die...

#.........
.§≈≈≈≈≈.##...>....
.§§§_≈≈§##........
.§≈§.≈≈§.#.......
.§§≈.≈≈.........# #
#.≈≈.≈≈.##......# #.#
#.≈§§.≈.#†..#..h##...#
#.≈.8.≈.#.......@.$..#
#.........#....###...#
#..###..[###...#####.#
...###.†.#
#......#..########
#.......#....###...........#
#....<.......# ##........<.#
#...)..#.#...# #..........#
##........#...# #..........#
.......#......# #..........#


You could see a black bear (berserk).

Vanquished Creatures
  A worm (D:2)
  4 dart slugs
  4 ball pythons
  6 bats
  3 endoplasms
  5 goblins
  8 hobgoblins
  4 jackals
  A kobold (D:1)
  3 quokkas (D:2)
  3 frilled lizards
  7 rats
49 creatures vanquished.

Notes
Turn   | Place    | Note
-------+----------+-------------------------------------------
     0 | D:1      | avis the Ogre Warper began the quest for the Orb.
     0 | D:1      | Reached XP level 1. HP: 22/22 MP: 3/3
   301 | D:1      | Reached XP level 2. HP: 15/31 MP: 5/5
   668 | D:1      | Found a faded altar of an unknown god.
  1045 | D:1      | Reached XP level 3. HP: 33/37 MP: 6/6
  1049 | D:1      | Learned a level 2 spell: Blink
  1053 | D:1      | Learned a level 3 spell: Teleport Other
  2562 | D:3      | Noticed a black bear
  2575 | D:2      | Reached XP level 4. HP: 42/48 MP: 7/7
  2770 | D:3      | Found a hazy altar of Hepliaklqana.
  2852 | D:3      | Slain by a black bear

Illustrated notes

Levels and vault maps discovered:
D:1:      zaba_arrival_water, layout_basic, hellmonk_ecumenical_altar_zigzags,
          minmay_box_of_dots
D:2:      layout_basic
D:3:      minmay_wonky_spiral, layout_rooms, cheibriados_altar_1,
          mainiacjoe_overflow_catwalk, mainiacjoe_overflow_small_starburst,
          grunt_decor_arrowhead, chequers_serial_rivers_micro_d

Skill      XL: |  1  2  3 |
---------------+----------+-----
Maces & Flails | 2 3 |  3.3
Fighting       | 3 |  3.8
Throwing       | |  1.0
Dodging        | |  2.2
Spellcasting   | |  2.4
Translocations | |  2.6

Action                   |  1- 3 |  4- 6 || total
-------------------------+-------+-------++-------
Melee: Mace              |   144 |    15 ||   159
       Punch             |     2 |       ||     2
 Fire: Hunting sling     |     7 |    17 ||    24
Throw: Boomerang         |       |    11 ||    11
Evoke: Wand              |       |     4 ||     4
Armor: Robe              |    50 |     7 ||    57
Dodge: Dodged            |    74 |    11 ||    85

Table legend: (Time is in decaauts)
 A = Elapsed time spent in this place.
 B = Non-inter-level travel time spent in this place.
 C = Inter-level travel time spent in this place.
 D = Time resting spent in this place.
 E = Time spent auto-exploring this place.
 F = Levels seen in this place.
 G = Mean time per level.
                   A        B        C        D        E       F      G
               +--------+--------+--------+--------+--------+-----+--------+
         Total |   2912 |   2638 |    274 |    656 |   1339 |   3 |  970.7 |
       Dungeon |   2912 |   2638 |    274 |    656 |   1339 |   3 |  970.7 |
               +--------+--------+--------+--------+--------+-----+--------+

Top non-repeatable levels by time:
     D:2: 1379 daAuts
     D:1: 1293 daAuts
     D:3: 239 daAuts
